 Dungeon Crawl Stone Soup version 0.29.1-2-gbd0b4ee654 (webtiles) character file.

Game seed: 7878618635866636020

2 DocClef the Insei (level 1, -4/17 HPs)
             Began as a Gnoll Transmuter on Nov 5, 2022.
             Slain by a gnoll
             ... wielding a +0 flail
              (8 damage)
             ... on level 1 of the Dungeon.
             The game lasted 00:00:16 (54 turns).

DocClef the Insei (Gnoll Transmuter)                  Turns: 54, Time: 00:00:16

Health: -4/17      AC:  2    Str:  9    XL:     1   Next: 30%
Magic:  6/6        EV: 13    Int: 12    God:
Gold:   0          SH:  0    Dex: 12    Spells: 8/9 levels left

rFire   . . .      SeeInvis .     - Unarmed
rCold   . . .      Faith    .   (no shield)
rNeg    . . .      Spirit   .   a - +0 robe
rPois   .          Reflect  .   (helmet currently unavailable)
rElec   .          Harm     .   (no cloak)
rCorr   .          Rampage  .   (no gloves)
Will    .....                   (boots currently unavailable)
Stlth   +.........              (no amulet)
HPRegen 0.05/turn               (no ring)
MPRegen 0.10/turn               (no ring)

@: appendages (expiring)
A: horns 2, talons 2, fangs 1, strong nose, distributed training
a: End Transformation


You were on level 1 of the Dungeon.
You had temporarily grown beastly horns and talons.
You visited 1 branch of the dungeon, and saw 1 of its levels.

Inventory:

Armour
 a - a +0 robe (worn)
Potions
 b - a potion of lignification


   Skills:
 + Level 2.3 Fighting
 + Level 0.0 Short Blades
 + Level 0.0 Long Blades
 + Level 0.0 Axes
 + Level 0.0 Maces & Flails
 + Level 0.0 Polearms
 + Level 0.0 Staves
 + Level 0.0 Ranged Weapons
 + Level 0.0 Throwing
 + Level 0.0 Armour
 + Level 4.4 Dodging
 + Level 0.0 Stealth
 + Level 0.0 Shields
 + Level 6.4 Unarmed Combat
 + Level 4.8 Spellcasting
 + Level 0.0 Conjurations
 + Level 0.0 Hexes
 + Level 0.0 Summonings
 + Level 0.0 Necromancy
 + Level 0.0 Translocations
 + Level 3.6 Transmutations
 + Level 0.0 Fire Magic
 + Level 0.0 Ice Magic
 + Level 0.0 Air Magic
 + Level 0.0 Earth Magic
 + Level 0.0 Poison Magic
 + Level 0.1 Invocations
 + Level 0.0 Evocations


You had 8 spell levels left.
You knew the following spells:

 Your Spells              Type           Power      Damage    Failure   Level
a - Beastly Appendage     Tmut           22%        N/A       4%          1

Your spell library contained the following spells:

 Spells                   Type           Power      Damage    Failure   Level
 Wereblood                Tmut           11%        N/A       7%          2
 Passwall                 Tmut/Erth      5%         N/A       14%         2
 Sandblast                Erth           6%         2d5       21%         1
 Spider Form              Tmut/Pois      7%         N/A       28%         3
 Call Canine Familiar     Summ           3%         N/A       52%         3
 Portal Projectile        Hex/Tloc       6%         N/A       52%         3
 Stone Arrow              Conj/Erth      6%         3d7       52%         3
 Ice Form                 Ice/Tmut       7%         N/A       67%         4
 Leda's Liquefaction      Hex/Erth       1%         N/A       89%         4


Dungeon Overview and Level Annotations

Branches:
Dungeon (1/15)

Altars:


Innate Abilities, Weirdness & Mutations

You have temporarily grown beastly horns and talons.
You have very sharp teeth.
Your uncanny sense of smell can sniff out nearby items.
Your experience applies equally to all skills.


Message History

A smirking vizier told you that the Orb of Zot is just within this dungeon.
Press ? for a list of commands and other information.
Found a staircase leading out of the dungeon.
You open the door.
There is an open door here.
You pick up a book of the Hunter and begin reading...
You add the spells Call Canine Familiar, Portal Projectile and Leda's Liquefaction to your library.
You pick up a book of Geomancy and begin reading...
You add the spells Sandblast, Passwall and Stone Arrow to your library.
A rat comes into view.
A rat is nearby!
A ball python comes into view.
A gnoll comes into view. It is wielding a +0 flail.
Casting: Beastly Appendage (safe; 4% risk of failure)
Confirm with . or Enter, or press ? or * to list all spells.
You grow a pair of large bovine horns.
Your feet morph into talons.
The gnoll shouts!
The ball python hisses angrily.
You hit the rat.
You kill the rat!
A rat comes into view.
A giant cockroach comes into view.
The ball python completely misses you. The ball python barely misses you.
You punch the ball python!
You kill the ball python!
You hit the gnoll. You claw the gnoll.
The gnoll is moderately wounded.
The gnoll barely misses you. The gnoll attacks as you move away!
The gnoll hits you with a +0 flail!
You hit the gnoll. Your kick misses the gnoll. You headbutt the gnoll.
The gnoll is almost dead.
The gnoll hits you with a +0 flail.
* * * LOW HITPOINT WARNING * * *
You are too injured to fight recklessly!
You punch the rat!
You kill the rat!
Your transformation is almost over.
The gnoll closely misses you. The gnoll attacks as you move away!
The gnoll hits you with a +0 flail!
You die...

............#
............#
............#
#.........#
#.#.........#
#........#
######..B#####..
###†g......
###@####...
#...# #.### ###
###.# ..#####
##...#
......#####..###
#####...##..## #
#.#....## +
#.###..#


You could see a gnoll and a giant cockroach.

Vanquished Creatures
  A ball python (D:1)
  2 rats (D:1)
3 creatures vanquished.

Notes
Turn   | Place    | Note
-------+----------+-------------------------------------------
     0 | D:1      | DocClef the Gnoll Transmuter began the quest for the Orb.
     0 | D:1      | Reached XP level 1. HP: 17/17 MP: 6/6
    54 | D:1      | Slain by a gnoll

Illustrated notes

Levels and vault maps discovered:
D:1:      minmay_arrival_four_houses, layout_basic,
          nicolae_ecumenical_snake_handling, grunt_decor_cap

Action                   || total
-------------------------++-------
Melee: Unarmed           ||     5
       Kick              ||     1
       Headbutt          ||     1
 Cast: Beastly Appendage ||     1
Dodge: Dodged            ||     4
